 Dungeon Crawl Stone Soup version 0.14-a0-2119-ge69afc6 (webtiles) character file.

352 Jenx the Cudgeler (level 5, -5/50 HPs)
             Began as an Ogre Hunter on Jan 26, 2014.
             Slain by an ogre
             ... wielding a +0,+0 giant club
              (30 damage)
             ... on Level 4 of the Dungeon.
             The game lasted 00:11:29 (2604 turns).

Jenx the Cudgeler (Ogre Hunter)                     Turns: 2604, Time: 00:11:29

HP  -5/50        AC  4     Str 17      XL: 5   Next: 48%
MP   5/5         EV 10     Int 11      God:
Gold 184         SH  0     Dex 10      Spells:  0 memorised,  4 levels left

rFire  . . .     SeeInvis .     a - +2 orc mace
rCold  . . .     Clarity  .     g - +0 robe (curse)
rNeg   . . .     Conserve .     (shield restricted)
rPois  .         rCorr    .     (helmet restricted)
rElec  .         rRot     .     o - +0 elf cloak
SustAb . .       Spirit   .     (gloves unavailable)
rMut   .         Warding  .     (boots unavailable)
Saprov + . .     Stasis   .     (no amulet)
MR     .....                    (no ring)
                                (no ring)

@: not resistant to hostile enchantments, unstealthy
A: unfitting armour, fast metabolism 1, saprovore 1, tough skin 1
a: no special abilities


You were on level 4 of the Dungeon.
You were not hungry.

You visited 1 branch of the dungeon, and saw 4 of its levels.

You collected 184 gold pieces.

Inventory:

Hand weapons
 a - a +2,+2 orcish mace (weapon)
Missiles
 c - 2 throwing nets
 l - 3 large rocks (quivered)
Armour
 g - a cursed +0 robe (worn)
 o - a +0 elven cloak (worn)
Comestibles
 f - 3 meat rations
 h - 2 bread rations
 w - 2 chunks of orc flesh
Scrolls
 d - a scroll of magic mapping {unknown}
 e - 2 scrolls of blinking
 j - 3 scrolls of teleportation {unknown}
 k - a scroll of enchant weapon II {unknown}
 m - 2 scrolls of identify
 s - a scroll of curse jewellery {unknown}
 t - a scroll of fog {unknown}
 u - 2 scrolls of remove curse {unknown}
Jewellery
 b - an uncursed ring of regeneration
Potions
 i - 2 potions of magic {unknown}
 n - 4 potions of curing {unknown}
 p - a potion of confusion {unknown}
 q - a potion of heal wounds {unknown}
 v - a potion of experience {unknown}
 C - a potion of mutation {unknown}


   Skills:
 - Level 2.6 Fighting
 * Level 6.8 Maces & Flails
 - Level 4.3 Throwing
 - Level 1.7 Dodging
 - Level 0.7 Stealth


You had 4 spell levels left.
You didn't know any spells.

Dungeon Overview and Level Annotations

Branches:
Dungeon (4/16)
 Temple: D:4-7

Altars:
The Shining One

Annotations:
D:4 Grinder


Innate Abilities, Weirdness & Mutations

You are too large for most types of armour.
You have a fast metabolism.
You can tolerate rotten meat.
You have tough skin (AC +1).


Message History

Grinder gestures.
Grinder blinks!
The ogre completely misses you.
You can move again.
Things that are here:
a falchion; 21 stones; a kobold corpse Throwing (i - inventory. (,) - cycle):
l - 5 large rocks (quivered)
Press: ? - help, Shift-Dir - straight line, f - ogre
Aim: an ogre, wielding a giant club You throw a large rock.
The large rock misses the ogre.
The ogre hits you with a giant club!
Throwing (i - inventory. (,) - cycle):
l - 4 large rocks (quivered)
Press: ? - help, Shift-Dir - straight line, f/p - ogre
Aim: an ogre, wielding a giant club You throw a large rock.
The large rock crashes through the ogre.
The ogre is moderately wounded.
The ogre hits you with a giant club!
Ouch! That really hurt!
You die...

.♣.>.# #....... ..5.##
.#....... ....##+#
#......... #)..##.#
###....... #....#.#
#....... ##.♣.'.#
#######. #...#.# ##...
##.##.# #..## #(.O@#
####.### ####.##
#.......
#.#####..########.......
#.......................
########.########.......
#.# #....... #.#
#....... #.# ######.#
#.# #..


You could see an ogre.

Vanquished Creatures
  An iguana (D:4)
  A worker ant (D:4)
  4 adders
  A worm (D:2)
  A giant mite (D:2)
  5 orcs
  A ball python (D:2)
  3 giant cockroaches
  7 hobgoblins
  9 kobolds
  2 quokkas (D:2)
  8 bats
  2 giant newts
  7 goblins
  A hobgoblin skeleton (D:4)
  8 rats
61 creatures vanquished.

Notes
Turn   | Place    | Note
--------------------------------------------------------------
     0 | D:1      | Jenx, the Ogre Hunter, began the quest for the Orb.
     0 | D:1      | Reached XP level 1. HP: 22/22 MP: 1/1
   356 | D:1      | Reached XP level 2. HP: 27/29 MP: 2/2
   773 | D:2      | Reached XP level 3. HP: 34/36 MP: 3/3
  1301 | D:2      | Reached skill level 5 in Maces & Flails
  1301 | D:2      | Reached XP level 4. HP: 40/44 MP: 4/4
  1641 | D:3      | Found a glowing golden altar of the Shining One.
  2177 | D:4      | Reached skill level 6 in Maces & Flails
  2177 | D:4      | Reached XP level 5. HP: 31/50 MP: 5/5
  2589 | D:4      | Noticed Grinder
  2590 | D:4      | Noticed an ogre
  2594 | D:4      | Paralysed by Grinder for 6 turns
  2604 | D:4      | Slain by an ogre

Action                   |  1- 3 |  4- 6 || total
-------------------------+-------+-------++-------
Melee: Club              |    19 |       ||    19
       Mace              |    66 |    77 ||   143
Throw: Large rock        |    10 |    11 ||    21
  Use: Scroll            |       |     3 ||     3
 Stab: Sleeping          |       |     2 ||     2
